Map: Romanticide LE

Players

Krystianer

  • Race: Protoss Protoss
  • League: Grandmaster

ShaDoWn - Winner!

  • Race: Protoss Protoss
  • League: Master

Event: DreamHack SC2 Masters 2021 Summer

VOD

Have the link to the VOD?

Description

Time

  • Played on: May 19, 2021, 11:51 a.m.
  • Length: 12:23

All games in this series

Show
View Real Time Build Order
Export as new Build Order

Krystianer Protoss 

Build Orders: Oracle Opening 

Get SALT Encoding   

  12  0:00  Probe  
  13  0:12  Probe  
  14  0:17  Pylon  
  14  0:24  Probe (Chrono Boost)  
  16  0:36  Probe (Chrono Boost)  
  16  0:37  Gateway  
  16  0:43  Probe (Chrono Boost)  
  16  0:46  Assimilator  
  17  0:50  Probe  
  17  0:54  Assimilator  
  18  1:02  Probe (Chrono Boost)  
  19  1:08  Gateway  
  20  1:12  Probe (Chrono Boost)  
  20  1:17  Probe (Chrono Boost)  
  20  1:24  Cybernetics Core  
  21  1:29  Probe  
  22  1:34  Pylon  
  22  1:41  Probe  
  23  1:53  Probe  
  24  2:00  Stalker x2  
  28  2:03  Warp Gate  
  28  2:09  Probe  
  28  2:15  Pylon  
  29  2:29  Stargate  
  29  2:51  Nexus  
  28  3:00  Stalker  
  30  3:08  Stalker  
  32  3:14  Oracle (Chrono Boost)  
  35  3:25  Pylon  
  35  3:26  Probe  
  36  3:34  Shield Battery  
  36  3:40  Stalker  
  34  3:51  Stalker  
  37  3:59  Void Ray (Chrono Boost)  
  37  4:03  Shield Battery  
  40  4:21  Stalker  
  42  4:24  Stalker  
  42  4:34  Twilight Council  
  42  4:46  Pylon  
  42  4:47  Pylon  
  42  4:58  Pylon  
  42  5:14  Dark Shrine  
  42  5:18  Nexus  
  42  5:29  Dark Shrine  
  42  5:30  Probe  
  43  5:43  Probe  
  43  5:46  Blink  
  44  5:55  Probe (Chrono Boost)  
  45  6:06  Probe (Chrono Boost)  
  45  6:11  Probe (Chrono Boost)  
  46  6:17  Nexus  
  47  6:22  Probe (Chrono Boost)  
  48  6:28  Pylon  
  48  6:32  Shield Battery  
  48  6:39  Sentry x2  
  52  6:46  Shield Battery  
  52  6:57  Dark Templar x2  
  52  6:59  Probe  
  57  7:03  Probe  
  57  7:04  Shield Battery  
  58  7:11  Probe  
  58  7:15  Probe  
  60  7:21  Gateway  
  60  7:27  Dark Templar  
  60  7:28  Probe  
  60  7:29  Probe  
  64  7:30  Stalker  
  64  7:33  Assimilator  
  64  7:40  Probe  
  64  7:41  Probe  
  64  7:52  Probe  
  64  7:53  Probe  
  64  7:54  Gateway  
  64  7:56  Gateway  
  66  8:04  Probe  
  67  8:05  Probe, Dark Templar  
  70  8:17  Probe  
  70  8:19  Stalker  
  74  8:20  Stalker  
  74  8:30  Pylon  
  73  8:38  Gateway  
  71  8:43  Stalker x2  
  75  8:50  Pylon  
  75  8:54  Stalker x2  
  79  9:04  Charge (Chrono Boost)  
  79  9:11  Dark Templar  
  79  9:16  Gateway  
  81  9:17  Gateway  
  81  9:23  Stalker x2  
  82  9:24  Pylon  
  79  9:37  Stalker x2  
  83  9:50  Pylon  
  83  9:52  Zealot x3  
  89  10:02  Probe x2 (Chrono Boost), Nexus  
  91  10:07  Robotics Facility  
  93  10:14  Probe x2 (Chrono Boost)  
  93  10:18  Pylon  
  93  10:21  Probe (Chrono Boost)  
  93  10:26  Assimilator  
  94  10:29  Pylon  
  94  10:36  Probe x2  
  94  10:40  Robotics Facility  
  96  10:43  Assimilator  
  96  10:48  Probe x2, Assimilator  
  98  10:57  Shield Battery  
  98  10:58  Robotics Bay  
  98  10:59  Observer  
  98  11:00  Probe  
  98  11:01  Probe  
  101  11:08  Stalker  
  103  11:12  Stalker  
  103  11:13  Probe  
  106  11:21  Sentry  
  106  11:22  Stalker  
  109  11:32  Stalker x3  
  103  11:45  Disruptor x2 (Chrono Boost)  
  101  11:50  Zealot  
  101  11:51  Zealot x3  
  115  11:56  Pylon  
  115  11:57  Pylon  
  115  12:01  Zealot x2  
  117  12:05  Pylon  
  107  12:19  Zealot x2  
Show
View Real Time Build Order
Export as new Build Order

ShaDoWn Protoss - Winner!

Build Orders:  

Get SALT Encoding   

  12  0:00  Probe  
  13  0:12  Probe  
  14  0:17  Pylon  
  14  0:24  Probe  
  15  0:36  Probe (Chrono Boost), Gateway  
  16  0:46  Probe (Chrono Boost), Assimilator  
  17  0:51  Probe (Chrono Boost)  
  17  0:55  Assimilator  
  18  1:03  Probe (Chrono Boost)  
  19  1:08  Gateway  
  19  1:13  Probe (Chrono Boost)  
  20  1:18  Probe (Chrono Boost)  
  20  1:24  Cybernetics Core  
  21  1:29  Probe  
  22  1:34  Pylon  
  22  1:41  Probe  
  23  1:53  Probe  
  24  1:58  Warp Gate (Chrono Boost)  
  24  2:00  Stalker x2  
  28  2:13  Pylon  
  28  2:29  Pylon  
  28  2:30  Stalker  
  28  2:31  Stalker  
  31  2:50  Nexus  
  31  3:00  Stalker  
  31  3:05  Stalker  
  35  3:09  Probe  
  36  3:21  Probe, Pylon  
  37  3:29  Shield Battery  
  37  3:33  Probe  
  38  3:45  Probe  
  37  3:49  Stalker x2  
  41  4:02  Probe x2  
  43  4:13  Stalker, Sentry  
  43  4:14  Probe  
  43  4:16  Probe  
  49  4:26  Probe  
  51  4:34  Phoenix  
  51  4:38  Probe, Stalker  
  51  4:44  Probe (Chrono Boost)  
  48  4:49  Sentry  
  48  4:50  Probe (Chrono Boost)  
  51  4:56  Probe (Chrono Boost)  
  53  5:00  Probe (Chrono Boost)  
  53  5:01  Probe (Chrono Boost)  
  53  5:04  Pylon  
  54  5:13  Shield Battery  
  54  5:22  Probe x2  
  54  5:24  Robotics Facility  
  54  5:30  Stalker, Sentry  
  54  5:34  Probe x2  
  60  5:45  Twilight Council  
  60  5:46  Probe x2 (Chrono Boost)  
  60  5:47  Pylon  
  62  6:03  Probe x2 (Chrono Boost)  
  62  6:07  Forge  
  64  6:11  Observer  
  64  6:12  Pylon, Adept x2  
  64  6:14  Probe  
  70  6:30  Probe x2  
  70  6:31  Nexus  
  72  6:32  Stalker  
  72  6:33  Pylon, Stalker  
  76  6:42  Probe  
  76  6:44  Probe  
  76  6:46  Assimilator  
  78  6:49  Pylon  
  78  6:50  Assimilator  
  78  6:52  Blink (Chrono Boost)  
  78  6:55  Probe  
  78  6:57  Probe  
  80  7:02  Pylon  
  80  7:13  Stalker x2  
  80  7:14  Probe  
  85  7:20  Probe  
  86  7:26  Probe, Protoss Ground Weapons Level 1  
  86  7:33  Probe  
  82  7:38  Probe  
  82  7:40  Observer (Chrono Boost)  
  82  7:45  Probe  
  82  7:47  Probe  
  82  7:50  Probe  
  83  7:57  Probe  
  83  7:59  Probe, Shield Battery  
  83  8:03  Probe  
  83  8:04  Stalker  
  87  8:07  Photon Cannon  
  87  8:09  Probe  
  87  8:11  Probe, Stalker  
  91  8:15  Probe  
  90  8:21  Probe  
  90  8:23  Probe  
  92  8:29  Stalker  
  92  8:30  Probe  
  92  8:33  Probe  
  94  8:35  Probe  
  95  8:42  Probe (Chrono Boost)  
  97  8:48  Probe (Chrono Boost)  
  97  8:52  Probe (Chrono Boost)  
  97  8:53  Stalker x2  
  97  8:54  Probe (Chrono Boost)  
  103  8:59  Probe (Chrono Boost)  
  103  9:00  Probe (Chrono Boost)  
  101  9:03  Probe (Chrono Boost)  
  101  9:06  Probe  
  101  9:07  Assimilator  
  101  9:08  Assimilator  
  101  9:09  Probe  
  104  9:12  Gateway  
  104  9:13  Gateway  
  104  9:15  Probe  
  104  9:16  Gateway  
  105  9:17  Gateway  
  105  9:18  Probe  
  105  9:20  Stalker x2  
  105  9:23  Probe  
  111  9:25  Pylon  
  111  9:28  Probe  
  111  9:31  Protoss Ground Weapons Level 2 (Chrono Boost)  
  112  9:32  Probe  
  112  9:35  Photon Cannon  
  113  9:48  Charge (Chrono Boost)  
  113  9:50  Stalker x2  
  113  9:51  Immortal (Chrono Boost)  
  117  9:53  Pylon  
  121  10:09  Stalker x2  
  125  10:18  Gateway x2  
  125  10:22  Stalker x3  
  125  10:23  Gateway, Stalker  
  133  10:45  Pylon  
  133  10:47  Pylon  
  133  10:48  Nexus  
  133  10:49  Pylon  
  133  10:52  Pylon  
  133  10:59  Gateway  
  133  11:01  Pylon  
  133  11:03  Probe  
  134  11:05  Dark Shrine  
  134  11:06  Photon Cannon  
  134  11:07  Stalker x4  
  134  11:09  Stalker  
  144  11:12  Stalker  
  144  11:15  Stalker  
  148  11:22  Stalker x2  
  150  11:35  Stalker x4  
  154  11:42  Probe x2  
  154  11:44  Observer  
  152  11:49  Stalker x3  
  158  11:55  Pylon  
  158  12:02  Stalker x2  
  158  12:19  Stalker x6  
Tags
 
Add a new tag
Caveats
  • Supply blocks, unpowered buildings, or Contaminate may cause inaccurate times.
  • Supply counts are checked every 10 seconds.